 Dungeon Crawl Stone Soup version 0.31-a0-702-gf82c85558f (webtiles) character file.

Game seed: 10680263941002052544

5686 Deathmic the Cleaver (level 10, -2/93 HPs)
             Began as a Hill Orc Fighter on Sept 4, 2023.
             Engulfed by a fire crab (shapeshifter)'s flame (22 damage)
             ... on level 8 of the Dungeon on Sept 8, 2023.
             The game lasted 00:19:29 (7591 turns).

Deathmic the Cleaver (Hill Orc Fighter)             Turns: 7591, Time: 00:19:30

Health: -2/93      AC: 14    Str: 24    XL:     10   Next: 75%
Magic:  10/10      EV: 14    Int:  8    God:
Gold:   574        SH: 11    Dex: 10    Spells: 9/9 levels left

rFire   . . .        a - +4 war axe
rCold   . . .        c - +0 buckler
rNeg    . . .        b - +0 scale mail
rPois   .            (no helmet)
rElec   .            s - +1 cloak
rCorr   .            (no gloves)
SInv    .            (no boots)
Will    .....        o - amulet of reflection Stlth
                     g - +4 ring of protection
HPRegen 0.35/turn    w - +5 ring of evasion
MPRegen 0.12/turn

%: reflection
@: no status effects
A: no striking features
a: no special abilities


You were on level 8 of the Dungeon.
You visited 1 branch of the dungeon, and saw 8 of its levels.

You collected 602 gold pieces.
You spent 28 gold pieces at shops.

Inventory:

Hand Weapons
 a - a +4 war axe (weapon)
 d - a +0 scimitar of flaming
Armour
 b - a +0 scale mail (worn)
 c - a +0 buckler (worn)
 s - a +1 cloak (worn)
Jewellery
 g - a +4 ring of protection (left hand)
 o - an amulet of reflection (around neck)
 t - a ring of positive energy
 w - a +5 ring of evasion (right hand)
 y - a ring of ice
Wands
 i - a wand of light (5)
 l - a wand of roots (22)
 p - a wand of charming (8)
 q - a wand of flame (60)
 r - a wand of polymorph (11)
Scrolls
 u - a scroll of fog
 x - a scroll of identify
 z - a scroll of teleportation
Potions
 f - a potion of ambrosia
 h - 4 potions of brilliance
 j - 2 potions of magic {unknown}
 k - 2 potions of enlightenment
 m - 6 potions of curing
 n - 2 potions of invisibility
 v - 2 potions of berserk rage {unknown}
 B - a potion of mutation {unknown}


   Skills:
 + Level 10.1 Fighting
 + Level 10.6 Axes
 + Level 9.3 Armour
 + Level 9.3 Shields


You had 9 spell levels left.
You didn't know any spells.
Your spell library contained the following spells:

 Spells                   Type           Power      Damage    Failure   Level
 Kiss of Death            Conj/Necr      0%         2d5       71%         1
 Ensorcelled Hibernation  Hex/Ice        0%         N/A       85%         2
 Scorch                   Fire           0%         2d5       85%         2
 Confusing Touch          Hex            0%         N/A       97%         3
 Anguish                  Hex/Necr       0%         N/A       100%        4
 Dispel Undead            Necr           0%         3d6       100%        4
 Flame Wave               Conj/Fire      0%         2d4       100%        4
 Summon Cactus Giant      Summ           0%         N/A       100%        6


Dungeon Overview and Level Annotations

Branches:
Dungeon (8/15)             Temple (0/1) D:6
   Lair: D:8-11

Altars:
Ashenzari
Hepliaklqana
Uskayaw
Vehumet
Yredelemnul

Shops:
D:2 :   D:6 *   D:7 *

Annotations:
D:3 2 runed translucent doors, Takeo's ghost, amateur TeGl
D:7 1 runed translucent door, WhatIsLove's ghost, novice HOMo


Message History

You hit the fire crab.
The fire crab is lightly wounded.
You are engulfed in blazing flames.
The fire crab breathes flames at you. The blast of flame engulfs you.
You closely miss the fire crab.
The fire crab is lightly wounded.
You are engulfed in blazing flames.
The fire crab bites you but does no damage.
The fire crab claws you but does no damage.
You slash the fire crab!
The fire crab is moderately wounded.
You are engulfed in blazing flames.
You block the fire crab's attack. The fire crab barely misses you.
You hit the fire crab.
The fire crab is moderately wounded.
The fire crab bites you!
* * * LOW HITPOINT WARNING * * *
You are engulfed in flames!
* * * LOW HITPOINT WARNING * * *
The fire crab barely misses you.
You feel much better. The fire crab barely misses you.
The fire crab claws you but does no damage.
Okay, then.
Okay, then.
Okay, then.
You're wearing all the rings you can.
Remove which one? (? for menu, Esc to cancel) < or
g - a +4 ring of protection; > or
t - a ring of positive energy You remove your ring of positive energy.
The fire crab breathes flames at you.
The blast of flame engulfs you but does no damage.
w - a +5 ring of evasion (right hand)
You are engulfed in blazing flames.
You are engulfed in blazing flames.
* * * LOW HITPOINT WARNING * * *
Things that are here:
a +0 dagger; a +0 robe; an orc corpse You are engulfed in blazing flames.
You die...

.........#######.##.#
######...# ####.# #
##### #.# # #.# #
##############
#..........°.#
#.##########°# #.#
#@# #.# #°# #.# #t#
#.# #°# #.# #°#
#####.# #°# ......#
#.# ####### #.# #.#


You could see a fire crab.

Vanquished Creatures
  Erica (D:8)
  A troll (D:7)
  Grinder (D:4)
  Sigmund (D:4)
  6 yaks (D:8)
  3 water moccasins
  4 black bears
  A sky beast (D:8)
  3 orc warriors
  4 ice beasts
  2 centaurs
  2 ogres
  A phantom (D:7)
  2 bullfrogs
  5 scorpions
  9 wights (D:7)
  A jelly (D:6)
  2 gnoll boudas
  4 orc priests
  3 hounds
  A sleepcap (D:5)
  Ijyb (D:4)
  4 iguanas
  9 orc wizards
  11 gnolls
  4 adders
  A shadow imp (D:7)
  2 white imps
  An ufetubus (D:5)
  2 worms (D:2)
  4 dart slugs
  19 orcs
  6 bats
  7 endoplasms
  4 giant cockroaches
  8 goblins
  10 hobgoblins
  10 jackals
  3 quokkas
  12 ball pythons
  3 frilled lizards
  3 kobolds
  5 rats
186 creatures vanquished.

Notes
Turn   | Place    | Note
-------+----------+-------------------------------------------
     0 | D:1      | Deathmic the Hill Orc Fighter began the quest for the Orb.
     0 | D:1      | Reached XP level 1. HP: 19/19 MP: 1/1
    77 | D:1      | Reached XP level 2. HP: 26/27 MP: 2/2
   236 | D:1      | Reached XP level 3. HP: 33/33 MP: 3/3
  1028 | D:2      | Reached XP level 4. HP: 41/41 MP: 4/4
  1121 | D:2      | Found Fole's Book Shop.
  1510 | D:2      | Reached XP level 5. HP: 45/47 MP: 5/5
  2172 | D:3      | Found a runed translucent door.
  2173 | D:3      | Noticed Takeo's ghost (amateur TeGl)
  2301 | D:3      | Found a runed translucent door.
  2465 | D:4      | Noticed Sigmund
  2499 | D:4      | Killed Sigmund
  2500 | D:4      | Reached skill level 5 in Fighting
  2500 | D:4      | Reached XP level 6. HP: 38/56 MP: 6/6
  2574 | D:4      | Noticed Grinder
  2591 | D:4      | Killed Grinder
  2592 | D:4      | Reached skill level 5 in Axes
  2592 | D:4      | Reached skill level 5 in Armour
  2592 | D:4      | Reached skill level 5 in Shields
  2592 | D:4      | Reached XP level 7. HP: 51/62 MP: 7/7
  2687 | D:4      | Noticed Ijyb
  2699 | D:4      | Killed Ijyb
  3069 | D:5      | Entered Level 5 of the Dungeon
  3415 | D:5      | Reached XP level 8. HP: 58/71 MP: 8/8
  4375 | D:5      | Upgraded the game from 0.31-a0-672-g7da72447bb to
                  | 0.31-a0-702-gf82c85558f
  4536 | D:6      | Reached XP level 9. HP: 79/79 MP: 9/9
  4626 | D:6      | Found a staircase to the Ecumenical Temple.
  4725 | D:6      | Found a broken altar of Ashenzari.
  5089 | D:6      | Found a hazy altar of Hepliaklqana.
  5089 | D:6      | Found a hide-covered altar of Uskayaw.
  5294 | D:6      | Found Pigaw's General Store.
  5643 | D:7      | Found Colud's General Store.
  5756 | D:7      | Bought a scroll of identify for 28 gold pieces
  5768 | D:7      | Found a radiant altar of Vehumet.
  6160 | D:7      | Found a runed translucent door.
  6273 | D:7      | Reached XP level 10. HP: 83/91 MP: 10/10
  6727 | D:7      | Noticed WhatIsLove's ghost (novice HOMo)
  6928 | D:8      | Noticed Erica
  6944 | D:8      | Killed Erica
  6945 | D:8      | Reached skill level 10 in Axes
  7071 | D:8      | Reached skill level 10 in Fighting
  7362 | D:8      | Found a basalt altar of Yredelemnul.
  7578 | D:8      | Noticed a fire crab
  7591 | D:8      | Engulfed by a fire crab (shapeshifter)'s flame

Illustrated notes

Levels and vault maps discovered:
D:1:      sevenhm_arrival_forest_fort_small_3, layout_basic,
          minmay_tree_intersection, kennysheep_pointless_box
D:2:      layout_basic, serial_shops, nicolae_book_shop_shelving,
          chequers_serial_rivers_small_3
D:3:      layout_rooms, ebering_ghost_sewer_f
D:4:      layout_rooms, uniq_sigmund, uniq_ijyb, uniq_grinder
D:5:      layout_cave_pools, amcnicky_mini_pool_small, minmay_bent
D:6:      layout_gridville, nicolae_ashenzari_panopticon,
          mainiacjoe_overflow_divided_tiny, minmay_temple_entry_grid,
          serial_shops, shop, minmay_gold_behind_fungi, minmay_misc_feat_iff,
          minmay_misc_feat_ornament, hangedman_decor_opposing,
          minmay_chambers_of_fives
D:7:      layout_loops_ring, nicolae_vehumet_radiance,
          ebering_ghost_reflecting_pool, serial_shops, nicolae_shop_statue_plus,
          roderic_serpentine_path
D:8:      layout_basic, kennysheep_little_box, uniq_erica

Skill      XL: |  1  2  3  4  5  6  7  8  9 10 |
---------------+-------------------------------+-----
Axes           | 3 4 5 6 7 9 10 | 10.6
Fighting       | 4 5 6 7 9 10 | 10.1
Shields        | 4 5 6 8 9 |  9.3
Armour         | 4 5 6 8 9 |  9.3

Action                     |  1- 3 |  4- 6 |  7- 9 | 10-12 || total
---------------------------+-------+-------+-------+-------++-------
  Melee: War axe           |    86 |   154 |   324 |   110 ||   674
    Use: Scroll            |     2 |     7 |     8 |     2 ||    19
         Potion            |       |     2 |       |     1 ||     3
 Armour: Scale mail        |    40 |   109 |   242 |    63 ||   454
         Skin              |       |       |     4 |       ||     4
  Dodge: Dodged            |    28 |    65 |   127 |    25 ||   245
  Block: Buckler           |    15 |    35 |    80 |    39 ||   169
         Reflection        |       |       |     1 |       ||     1

Table legend: (Time is in decaauts)
 A = Elapsed time spent in this place.
 B = Non-inter-level travel time spent in this place.
 C = Inter-level travel time spent in this place.
 D = Time resting spent in this place.
 E = Time spent auto-exploring this place.
 F = Levels seen in this place.
 G = Mean time per level.
                   A        B        C        D        E       F      G
               +--------+--------+--------+--------+--------+-----+--------+
         Total |   7775 |   7382 |    393 |    679 |   4970 |   8 |  971.9 |
       Dungeon |   7775 |   7382 |    393 |    679 |   4970 |   8 |  971.9 |
               +--------+--------+--------+--------+--------+-----+--------+

Top non-repeatable levels by time:
     D:6: 1430 daAuts
     D:4: 1033 daAuts
     D:7: 1007 daAuts
     D:2: 997 daAuts
     D:5: 974 daAuts
     D:1: 940 daAuts
     D:8: 836 daAuts
     D:3: 554 daAuts
